 Dungeon Crawl Stone Soup version 0.29-a0-67-g1d65ae1bb4 (webtiles) character file.

Game seed: 10698633866628804714

11 Bosse the Magician (level 2, 0/19 HPs)
             Began as a Demonspawn Hedge Wizard on Feb 3, 2022.
             Slain by a frilled lizard (2 damage)
             ... on level 1 of the Dungeon.
             The game lasted 00:00:46 (495 turns).

Bosse the Magician (Demonspawn Hedge Wizard)         Turns: 495, Time: 00:00:47

Health: 0/19       AC:  2    Str: 10    XL:     2   Next: 13%
Magic:  7/15       EV: 12    Int: 15    God:
Gold:   12         SH:  0    Dex: 12    Spells: 6/7 levels left

rFire   . . .      SeeInvis .   a - +0 dagger
rCold   . . .      Faith    .   (no shield)
rNeg    . . .      Spirit   .   b - +0 robe
rPois   .          Reflect  .   c - +0 hat
rElec   .          Harm     .   (no cloak)
rCorr   .          Rampage  .   (no gloves)
Will    .....                   (no boots)
Stlth   ++........              (no amulet)
HPRegen 0.06/turn               d - ring of magical power
MPRegen 0.14/turn               (no ring)

@: no status effects
A: horns 1
a: no special abilities


You were on level 1 of the Dungeon.
You visited 1 branch of the dungeon, and saw 1 of its levels.

You collected 12 gold pieces.

Inventory:

Hand Weapons
 a - a +0 dagger (weapon)
Armour
 b - a +0 robe (worn)
 c - a +0 hat (worn)
Jewellery
 d - a ring of magical power (left hand)
Scrolls
 e - a scroll of noise {unknown}
 f - 3 scrolls of blinking {unknown}


   Skills:
 + Level 1.7 Dodging
 + Level 2.1 Stealth
 + Level 3.4 Spellcasting
 + Level 1.0 Conjurations
 + Level 1.0 Summonings
 + Level 0.8 Translocations


You had 6 spell levels left.
You knew the following spells:

 Your Spells              Type           Power      Damage    Failure   Level
a - Magic Dart            Conj           20%        1d4       13%         1

Your spell library contained the following spells:

 Spells                   Type           Power      Damage    Failure   Level
 Freeze                   Ice            8%         1d3       19%         1
 Slow                     Hex            8%         N/A       19%         1
 Call Imp                 Summ           5%         N/A       19%         2
 Blink                    Tloc           10%        N/A       21%         2
 Conjure Flame            Conj/Fire      4%         6-21      43%         3
 Mephitic Cloud           Conj/Pois/Air  3%         N/A       45%         3
 Frozen Ramparts          Ice            4%         1d2       50%         3
 Hailstorm                Conj/Ice       4%         3d4       83%         4


Dungeon Overview and Level Annotations

Branches:
Dungeon (1/15)

Altars:


Innate Abilities, Weirdness & Mutations

You have a pair of small horns on your head.


Message History

The jackal is almost dead.
The jackal misses you. The jackal closely misses you.
An endoplasm comes into view.
The frilled lizard closely misses you.
The magic dart hits the jackal but does no damage.
The jackal is almost dead.
The endoplasm quivers.
The jackal barely misses you. The jackal misses you.
The jackal completely misses you. The jackal bites you.
The frilled lizard misses you.
You are too injured to fight recklessly!
You are too injured to fight recklessly!
You are too injured to fight recklessly!
You are too injured to fight recklessly!
You are too injured to fight recklessly!
You hit the jackal.
You kill the jackal!
The jackal barely misses you. The frilled lizard bites you.
You hit the jackal.
The jackal is severely wounded.
The jackal bites you.
The frilled lizard completely misses you.
The jackal bites you.
* * * LOW HITPOINT WARNING * * *
You hit the jackal. Your headbutt misses the jackal.
The jackal is almost dead.
The rat closely misses you. The jackal closely misses you.
The frilled lizard bites you.
* * * LOW HITPOINT WARNING * * *
You hit the jackal but do no damage.
The jackal is almost dead.
The jackal completely misses you. The rat barely misses you.
The frilled lizard closely misses you.
Your magical contamination has completely faded away.
You hit the jackal.
You kill the jackal!
The rat bites you.
* * * LOW HITPOINT WARNING * * *
The frilled lizard bites you.
You die...

............# ##
###.###.###.#########...
# #..##.##..........
##.##.##.....###..
#.##.#......#
#.####..#........#
#....).....⌠._.⌠.+
#######†.†#......#
.#J@..........####
......lr.............+
...#.#.###.#...####### .
# #. #.###...# #. #.#
#.#...# #. #.# #.###...#
#. #.# #.# ### #. #.#
#.. .. ..#


You could see an endoplasm, a frilled lizard and a rat.

Vanquished Creatures
  A dart slug (D:1)
  2 goblins (D:1)
  A hobgoblin (D:1)
  3 jackals (D:1)
  A quokka (D:1)
8 creatures vanquished.

Notes
Turn   | Place    | Note
-------+----------+-------------------------------------------
     0 | D:1      | Bosse the Demonspawn Hedge Wizard began the quest for the
                  | Orb.
     0 | D:1      | Reached XP level 1. HP: 13/13 MP: 4/4
   373 | D:1      | Found a faded altar of an unknown god.
   380 | D:1      | Gained mutation: You have a pair of small horns on your
                  | head. [demonic ancestry]
   380 | D:1      | Reached XP level 2. HP: 17/19 MP: 6/6
   495 | D:1      | Slain by a frilled lizard

Illustrated notes

Levels and vault maps discovered:
D:1:      ebering_trefoil_3fold, layout_basic,
          hellmonk_ecumenical_altar_run_dry, item_on_display_a

Skill      XL: |  1 |
---------------+----+-----
Stealth        | 2 |  2.1
Dodging        | |  1.7
Spellcasting   | |  3.4
Conjurations   | |  1.0
Summonings     | |  1.0
Translocations | |  0.8

Action                   || total
-------------------------++-------
Melee: Dagger            ||     5
 Cast: Magic Dart        ||    31
Armor: Robe              ||     1
Dodge: Dodged            ||    22

Table legend: (Time is in decaauts)
 A = Elapsed time spent in this place.
 B = Non-inter-level travel time spent in this place.
 C = Inter-level travel time spent in this place.
 D = Time resting spent in this place.
 E = Time spent auto-exploring this place.
 F = Levels seen in this place.
 G = Mean time per level.
                   A        B        C        D        E       F      G
               +--------+--------+--------+--------+--------+-----+--------+
         Total |    494 |    494 |      0 |      0 |    441 |   1 |  494.0 |
       Dungeon |    494 |    494 |      0 |      0 |    441 |   1 |  494.0 |
               +--------+--------+--------+--------+--------+-----+--------+

Top non-repeatable levels by time:
     D:1: 494 daAuts
